 Dungeon Crawl Stone Soup version 0.30-a0-458-g86641cc369 (webtiles) character file.

Game seed: 11234309458936903523

2464 Jackthecabe the Destroyer (level 9, -3/62 HPs)
             Began as a Demigod Conjurer on Dec 15, 2022.
             Slain by a hornet (6 damage)
             ... while paralysed by a hornet
             ... on level 8 of the Dungeon.
             The game lasted 00:11:02 (8753 turns).

Jackthecabe the Destroyer (Demigod Conjurer)        Turns: 8753, Time: 00:11:02

Health: -3/62      AC:  3    Str:  8    XL:     9   Next: 5%
Magic:  7/25       EV:  2    Int: 32    God:
Gold:   344        SH:  0    Dex: 12    Spells: 2/14 levels left

rFire   . . .      SeeInvis .    t - +2 short sword (speed)
rCold   . . .      Faith    .    (no shield)
rNeg    + . .      Spirit   .    a - +0 robe
rPois   .          Reflect  .    (no helmet)
rElec   .          Harm     .    (no cloak)
rCorr   .          Rampage  .    (no gloves)
Will    .....                    H - +0 pair of boots of Negligence {rC- rN+ Stlth+}
Stlth   +++.......               (no amulet)
HPRegen 0.30/turn                M - ring of magical power
MPRegen 0.19/turn                C - ring of protection from cold

@: paralysed, lethally poisoned (-3 -> -17), slowed, studying Armour
A: high MP 1, forlorn, divine attributes
a: no special abilities


You were on level 8 of the Dungeon.
You visited 2 branches of the dungeon, and saw 9 of its levels.

You collected 344 gold pieces.


Innate Abilities, Weirdness & Mutations

You have an increased reservoir of magic. (+10% MP)
You shall have no god before yourself.
Your divine heritage dramatically boosts your attributes as you level up.


   Skills:
 - Level 1.7 Dodging
 - Level 1.7 Stealth
 - Level 3.0 Spellcasting
 - Level 8.0 Conjurations
 - Level 6.0 Hexes
 + Level 5.9 Air Magic


You had 2 spell levels left.
You knew the following spells:

 Your Spells              Type           Power      Damage    Failure   Level
f - Fulminant Prism       Conj/Hex       24%        3d12      3%          4
m - Magic Dart            Conj           100%       1d8       1%          1
s - Searing Ray           Conj           100%       2d8       1%          2
X - Arcjolt               Conj/Air       24%        1d34      10%         5

Your spell library contained the following spells:

 Spells                   Type           Power      Damage    Failure   Level
 Momentum Strike          Conj/Tloc      60%        3d9       1%          2
 Blink                    Tloc           8%         N/A       10%         2
 Dazzling Flash           Conj/Hex       98%        N/A       1%          3
 Vhi's Electric Charge    Tloc/Air       46%        N/A       5%          3
 Iskenderun's Mystic Bla  Conj/Tloc      30%        2d8       12%         4
 Lesser Beckoning         Tloc           8%         N/A       19%         3
 Maxwell's Capacitive Co  Air            21%        ∞         100%        8

Inventory:

Hand Weapons
 t - a +2 short sword of speed (weapon)
Armour
 a - a +0 robe (worn)
 E - a +0 buckler
 H - the +0 pair of boots of Negligence (worn) {rC- rN+ Stlth+}
   (You found it on level 7 of the Dungeon)

   rC:        It makes you vulnerable to cold.
   rN:        It protects you from negative energy.
   Stlth:     It makes you more stealthy.
Magical Staves
 i - a staff of fire {!a}
Jewellery
 C - a ring of protection from cold (right hand)
 L - a ring of flight
 M - a ring of magical power (left hand)
 P - a ring of poison resistance
 Y - a +4 ring of slaying
Wands
 p - a wand of quicksilver (12)
 s - a wand of mindburst (16)
 w - a wand of polymorph (10)
 y - a wand of paralysis (8)
Scrolls
 d - a scroll of enchant weapon {unknown}
 e - 2 scrolls of noise {unknown}
 f - 4 scrolls of fear {unknown}
 g - 8 scrolls of identify {unknown}
 h - a scroll of magic mapping {unknown}
 j - 3 scrolls of immolation {unknown}
 k - a scroll of teleportation {unknown}
 l - a scroll of blinking {unknown}
 m - a scroll of torment {unknown}
 n - a scroll of enchant armour {unknown}
 r - a scroll of amnesia {unknown}
 u - a scroll of silence {unknown}
 v - a scroll of poison {unknown}
 z - a scroll of brand weapon {unknown}
 D - a scroll of vulnerability {unknown}
 G - a scroll of acquirement {unknown}
 I - a scroll of fog {unknown}
Potions
 b - 3 potions of magic
 c - 3 potions of curing {unknown}
 o - 2 potions of attraction {unknown}
 q - a potion of lignification {unknown}
 x - 2 potions of brilliance {unknown}
 A - a potion of might {unknown}
 B - a potion of heal wounds {unknown}
 F - a potion of mutation {unknown}

Dungeon Overview and Level Annotations

Branches:
Dungeon (8/15)             Temple (1/1) D:5
   Lair: D:8-11

Shops:
D:5 [

Annotations:
D:7 1 runed translucent door, Crazy Yiuf

##. .# #.. )#
#.# ..# #
#.###.##.# ###
#.......!#
....###✱........
..............#
.......y......#
......#@#.....!.
...>. #.#..##...
.... #.#..## .
#.. #<....# ##
#.###..# ### #.#
[#


You could see a hornet (ally target) and a friendly fulminant prism.


Message History

A fulminant prism comes into view.
The hornet stings you!
You are poisoned.
You feel as though you will be slow longer.
The hornet stings you!
* * * LOW HITPOINT WARNING * * *
You feel as though you will be slow longer.
Casting: Fulminant Prism (dangerous; 3% risk of failure)
Confirm with . or Enter, or press ? or * to list all spells.
You don't know that spell.
Casting: Fulminant Prism (dangerous; 3% risk of failure)
Confirm with . or Enter, or press ? or * to list all spells.
The spell is quite dangerous to miscast (10% risk of failure)!
Continue anyway?
Electricity surges outward!
The hornet is severely wounded.
You feel very sick. The hornet stings you!
* * * LOW HITPOINT WARNING * * *
You suddenly lose the ability to move!
The hornet stings you.
* * * LOW HITPOINT WARNING * * *
You feel as though you will be slow longer.
Your fulminant prism crackles loudly.
The hornet stings you.
* * * LOW HITPOINT WARNING * * *
You are more poisoned.
You feel as though you will be slow longer.
* * * LOW HITPOINT WARNING * * *
You feel very sick. The hornet stings you.
You die...

Skill      XL: |  1  2  3  4  5  6  7  8 |
---------------+-------------------------+-----
Spellcasting   | 2 3 |  3.0
Conjurations   | 4 5 6 8 |  8.0
Hexes          | 1 2 4 6 |  6.0
Air Magic      | 2 5 |  5.9
Dodging        | |  1.7
Stealth        | |  1.7

Action                   |  1- 3 |  4- 6 |  7- 9 || total
-------------------------+-------+-------+-------++-------
Melee: Unarmed           |     5 |       |       ||     5
       Short sword       |       |       |    11 ||    11
 Cast: Magic Dart        |   103 |    66 |    95 ||   264
       Searing Ray       |     5 |     8 |    27 ||    40
       Fulminant Prism   |       |     3 |    12 ||    15
       Arcjolt           |       |       |     1 ||     1
Armor: Robe              |     4 |     4 |     4 ||    12
Dodge: Dodged            |    19 |    11 |    33 ||    63

Levels and vault maps discovered:
D:1:      beargit_arrival_greenhouse, layout_basic,
          amcnicky_mini_rare_corridor_liquid, minmay_hexomino_u4
D:2:      layout_basic, basic_altar, ebering_ecumenical_altar_ruins,
          serial_bayou_pond_e
D:3:      layout_loops_ring
D:4:      layout_loops_cross, gammafunk_temple_overflow_wave
D:5:      layout_basic, lightli_temple_of_fire,
          minmay_temple_entry_drinking_statues, serial_shops,
          nicolae_shop_temple_entry_statues_fountains, nrook_mini_backslash,
          uniq_menkaure
D:6:      layout_basic, minmay_crossroads
D:7:      layout_cave_pools, palyth_stone_intersect, uniq_crazy_yiuf_cottage
D:8:      layout_rooms, lair_entry_dummy, serial_shops, nicolae_lakefront_shop,
          amcnicky_mini_pool_medium
Temple:   hc_temple_tempest_star

Notes
Turn   | Place    | Note
-------+----------+-------------------------------------------
     0 | D:1      | Jackthecabe the Demigod Conjurer began the quest for the
                  | Orb.
     0 | D:1      | Reached XP level 1. HP: 14/14 MP: 5/5
   193 | D:1      | Reached skill level 2 in Spellcasting
   384 | D:1      | Reached XP level 2. HP: 17/20 MP: 1/7
   715 | D:1      | Learned a level 2 spell: Searing Ray
   900 | D:1      | Reached skill level 4 in Conjurations
  1882 | D:2      | Reached XP level 3. HP: 26/26 MP: 2/9
  3160 | D:4      | Reached skill level 3 in Spellcasting
  3160 | D:4      | Reached XP level 4. HP: 33/33 MP: 4/11
  3240 | D:4      | Reached skill level 1 in Hexes
  3840 | D:4      | Reached XP level 5. HP: 38/38 MP: 5/12
  4078 | D:5      | Entered Level 5 of the Dungeon
  4078 | D:5      | Found a staircase to the Ecumenical Temple.
  4094 | Temple   | Entered the Ecumenical Temple
  4342 | D:5      | Noticed Menkaure
  4361 | D:5      | Killed Menkaure
  4362 | D:5      | Reached skill level 5 in Conjurations
  4362 | D:5      | Reached skill level 2 in Hexes
  4367 | D:5      | Learned a level 4 spell: Fulminant Prism
  4382 | D:5      | Reached XP level 6. HP: 45/45 MP: 5/13
  4491 | D:5      | Reached skill level 3 in Hexes
  4915 | D:5      | Reached skill level 6 in Conjurations
  4915 | D:5      | Reached skill level 4 in Hexes
  4972 | D:5      | Reached XP level 7. HP: 50/50 MP: 1/14
  5217 | D:5      | Found Jeschipu's Antique Armour Shop.
  5264 | D:5      | Reached skill level 5 in Hexes
  5504 | D:6      | Learned a level 5 spell: Arcjolt
  5702 | D:6      | Reached skill level 6 in Hexes
  5771 | D:6      | Reached skill level 1 in Air Magic
  5947 | D:6      | Identified a +2 robe of resistance
  5965 | D:6      | Reached skill level 2 in Air Magic
  6080 | D:6      | Reached XP level 8. HP: 52/57 MP: 8/15
  6517 | D:6      | Reached skill level 3 in Air Magic
  6570 | D:6      | Reached skill level 7 in Conjurations
  7140 | D:7      | Reached skill level 4 in Air Magic
  7973 | D:7      | Found a runed translucent door.
  7974 | D:7      | Noticed Crazy Yiuf
  8020 | D:7      | Identified the +0 pair of boots of Negligence {rC- rN+
                  | Stlth+}
  8054 | D:7      | Reached skill level 8 in Conjurations
  8054 | D:7      | Reached skill level 5 in Air Magic
  8186 | D:7      | Reached XP level 9. HP: 51/62 MP: 8/16
  8752 | D:8      | Paralysed by a hornet for 2 turns
  8752 | D:8      | HP: 6/62 [hornet (1)]
  8753 | D:8      | Slain by a hornet

Vanquished Creatures
  Menkaure (D:5)
  A water moccasin (D:7)
  An acid dragon (D:7)
  An ice beast (D:7)
  A sky beast (D:7)
  4 black bears
  An ogre (D:5)
  A necrophage (D:6)
  3 bullfrogs
  2 scorpions (D:6)
  3 wights (D:6)
  3 killer bees
  8 hounds
  4 orc priests
  2 jellies
  4 orc wizards
  5 iguanas
  9 adders
  A shadow imp (D:7)
  An ufetubus (D:5)
  2 worms
  A dart slug (D:1)
  10 orcs
  6 endoplasms
  4 goblins
  7 hobgoblins
  6 jackals
  3 quokkas
  4 ball pythons
  6 bats
  5 frilled lizards
  9 kobolds
  3 rats
122 creatures vanquished.

Vanquished Creatures (others)
  14 fulminant prisms
14 creatures vanquished.

Grand Total: 136 creatures vanquished

Table legend: (Time is in decaauts)
 A = Elapsed time spent in this place.
 B = Non-inter-level travel time spent in this place.
 C = Inter-level travel time spent in this place.
 D = Time resting spent in this place.
 E = Time spent auto-exploring this place.
 F = Levels seen in this place.
 G = Mean time per level.
                   A        B        C        D        E       F      G
               +--------+--------+--------+--------+--------+-----+--------+
         Total |   8754 |   8350 |    404 |    575 |   6827 |   9 |  972.7 |
       Dungeon |   8507 |   8123 |    384 |    575 |   6617 |   8 | 1063.4 |
        Temple |    247 |    227 |     20 |      0 |    209 |   1 |  247.0 |
               +--------+--------+--------+--------+--------+-----+--------+

Top non-repeatable levels by time:
     D:6: 2094 daAuts
     D:7: 1171 daAuts
     D:1: 1152 daAuts
     D:5: 1147 daAuts
     D:2: 1085 daAuts
     D:4: 946 daAuts
     D:3: 893 daAuts
  Temple: 247 daAuts
     D:8: 16 daAuts

Table legend:
 A = Non-vault XP
 B = Vault XP
 C = Vault XP percentage of total XP
 D = Non-vault monster count
 E = Vault monster count
 F = Vault count percentage of total count
                 A         B        C        D         E       F
            +---------+---------+-------+---------+---------+-------
      Total |    3129 |     392 |  11.1 |     115 |       7 |   5.7
            +---------+---------+-------+---------+---------+-------
        D:1 |      22 |       4 |  15.4 |      13 |       3 |  18.8
        D:2 |      47 |       0 |   0.0 |      19 |       0 |   0.0
        D:3 |      33 |       0 |   0.0 |      14 |       0 |   0.0
        D:4 |     134 |       0 |   0.0 |      13 |       0 |   0.0
        D:5 |     731 |     172 |  19.0 |      17 |       1 |   5.6
        D:6 |     976 |     216 |  18.1 |      21 |       3 |  12.5
        D:7 |    1186 |       0 |   0.0 |      18 |       0 |   0.0
            +---------+---------+-------+---------+---------+-------
